 Dungeon Crawl Stone Soup version 0.32-a0-814-g0968bab981 (webtiles) character file.

Game seed: 11943445503950630778

178 smashvw the Skirmisher (level 5, -1/43 HPs)
             Began as a Gnoll Hunter on Mar 22, 2024.
             Killed from afar by Ijyb (11 damage)
             ... with a bolt of acid
             ... on level 3 of the Dungeon.
             The game lasted 00:03:25 (1535 turns).

smashvw the Skirmisher (Gnoll Hunter)               Turns: 1535, Time: 00:03:25

Health: -1/43      AC: -3    Str: 10    XL:     5   Next: 58%
Magic:  7/7        EV: 13    Int:  8    God:
Gold:   114        SH:  0    Dex: 18    Spells: 7/7 levels left

rFire   . . .        a - +0 shortbow
rCold   . . .        (shield currently unavailable)
rNeg    . . .        c - +0 leather armour
rPois   +            k - +0 helmet
rElec   .            (no cloak)
rCorr   .            (no gloves)
SInv    .            (no boots)
Will    +....        (no amulet)
Stlth   ++           e - ring of poison resistance
HPRegen 0.27/turn    r - ring of willpower
MPRegen 0.10/turn

%: no passive effects
@: corroded
A: fangs 1, strong nose, distributed training
a: no special abilities


You were on level 3 of the Dungeon.
You visited 1 branch of the dungeon, and saw 3 of its levels.

You collected 114 gold pieces.

Inventory:

Hand Weapons
 a - a +0 shortbow (weapon)
Armour
 c - a +0 leather armour (worn)
 k - a +0 helmet (worn)
Jewellery
 e - a ring of poison resistance (left hand)
 m - an amulet of magic regeneration
 q - a ring of resist corrosion
 r - a ring of willpower (right hand)
Scrolls
 b - a scroll of butterflies
 f - a scroll of silence {unknown}
 g - 4 scrolls of enchant weapon {unknown}
 h - a scroll of identify {unknown}
 l - 2 scrolls of enchant armour {unknown}
Potions
 d - a potion of lignification {unknown}
 i - 3 potions of degeneration {unknown}
 j - 2 potions of heal wounds {unknown}
 n - a potion of curing {unknown}
 o - a potion of haste {unknown}
 p - 2 potions of ambrosia {unknown}
 s - a potion of attraction {unknown}


   Skills:
 + Level 4.8 Fighting
 + Level 1.6 Short Blades
 + Level 1.6 Long Blades
 + Level 1.6 Axes
 + Level 1.6 Maces & Flails
 + Level 1.6 Polearms
 + Level 1.6 Staves
 + Level 8.7 Ranged Weapons
 + Level 1.6 Throwing
 + Level 1.6 Armour
 + Level 4.8 Dodging
 + Level 2.8 Stealth
 + Level 1.6 Shields
 + Level 1.6 Unarmed Combat
 + Level 1.6 Spellcasting
 + Level 1.3 Conjurations
 + Level 1.3 Hexes
 + Level 1.3 Summonings
 + Level 1.3 Necromancy
 + Level 1.3 Translocations
 + Level 1.3 Fire Magic
 + Level 1.3 Ice Magic
 + Level 1.3 Air Magic
 + Level 1.3 Earth Magic
 + Level 1.3 Alchemy
 + Level 1.8 Invocations
 + Level 1.6 Evocations
 + Level 1.4 Shapeshifting


You had 7 spell levels left.
You didn't know any spells.
Your spell library was empty.

Dungeon Overview and Level Annotations

Branches:
Dungeon (3/15)

Altars:
Elyvilon

Annotations:
D:3 Ijyb


Innate Abilities, Weirdness & Mutations

You have very sharp teeth.
Your uncanny sense of smell can sniff out nearby items.
Your experience applies equally to all skills.


Message History

You kill the kobold!
No target in view!
No target in view!
Things that are here:
a +0 dagger; a goblin corpse Ijyb the Inquisitive comes into view.
She is wielding a +0 dagger and carrying a wand of acid.
Ijyb is nearby!
You shoot an arrow. The arrow hits Ijyb but does no damage.
You shoot an arrow. The arrow hits Ijyb.
Ijyb is moderately wounded.
You shoot an arrow. The arrow hits Ijyb.
Ijyb is moderately wounded.
You shoot an arrow. The arrow hits Ijyb.
Ijyb is moderately wounded.
You shoot an arrow. The arrow hits Ijyb but does no damage.
Ijyb is moderately wounded.
You shoot an arrow. The arrow hits Ijyb.
Ijyb is heavily wounded.
Ijyb hits you with a +0 dagger. Ijyb closely misses you.
You shoot an arrow. The arrow hits Ijyb but does no damage.
Ijyb is heavily wounded.
Ijyb zaps a wand.
The bolt of acid hits you! The acid corrodes you!
You shoot an arrow. The arrow barely misses Ijyb.
Ijyb zaps a wand.
The bolt of acid hits you! The acid corrodes you!
You are too injured to fight recklessly!
You are too injured to fight recklessly!
You are too injured to fight recklessly!
Okay, then.
Okay, then.
You shoot an arrow. The arrow closely misses Ijyb.
Ijyb hits you with a +0 dagger!
You shoot an arrow. The arrow hits Ijyb but does no damage.
Ijyb is heavily wounded.
Ijyb hits you with a +0 dagger.
* * * LOW HITPOINT WARNING * * *
You shoot an arrow. The arrow hits Ijyb.
Ijyb is heavily wounded.
Ijyb zaps a wand.
The bolt of acid hits you!
You die...
Ijyb screams, "Time for next experiment!"

)..#.# #.# _....# #.#
...#.# #.# # .....# #.#
.# .⌠.#.# #.# ###.
.....# #.# ...
...#.####.#######.##
.........).....#...##.#
...#.####.......@....$#
...#.......###.#g..####
...#..####.# #.##.##
...........# #.# .#
...#..###### #.# .#
...#..# #.# .# ..##..#
#.# .# #.##..# #.# .#
#)##..# #.#


You could see Ijyb.

Vanquished Creatures
  Jessica (D:2)
  Terence (D:2)
  Robin (D:2)
  2 adders
  A ribbon worm (D:2)
  3 dart slugs
  7 ball pythons
  5 endoplasms
  2 giant cockroaches
  19 goblins
  9 hobgoblins
  4 jackals (D:2)
  6 kobolds
  4 quokkas
  6 bats
  2 frilled lizards (D:1)
  6 rats
79 creatures vanquished.

Notes
Turn   | Place    | Note
-------+----------+-------------------------------------------
     0 | D:1      | smashvw the Gnoll Hunter began the quest for the Orb.
     0 | D:1      | Reached XP level 1. HP: 20/20 MP: 1/1
    89 | D:1      | Reached XP level 2. HP: 26/26 MP: 2/2
   409 | D:1      | Reached XP level 3. HP: 31/31 MP: 3/3
   713 | D:2      | Reached skill level 1 in Invocations
   750 | D:2      | Noticed Robin
   758 | D:2      | Reached skill level 1 in Short Blades
   758 | D:2      | Reached skill level 1 in Long Blades
   758 | D:2      | Reached skill level 1 in Axes
   758 | D:2      | Reached skill level 1 in Maces & Flails
   758 | D:2      | Reached skill level 1 in Polearms
   758 | D:2      | Reached skill level 1 in Staves
   758 | D:2      | Reached skill level 1 in Throwing
   758 | D:2      | Reached skill level 1 in Armour
   758 | D:2      | Reached skill level 1 in Shields
   758 | D:2      | Reached skill level 1 in Unarmed Combat
   758 | D:2      | Reached skill level 1 in Spellcasting
   758 | D:2      | Reached skill level 1 in Evocations
   770 | D:2      | Killed Robin
   771 | D:2      | Reached skill level 1 in Shapeshifting
   771 | D:2      | Reached XP level 4. HP: 14/38 MP: 5/5
   923 | D:2      | Noticed Jessica
   927 | D:2      | Killed Jessica
   928 | D:2      | Reached skill level 1 in Conjurations
   928 | D:2      | Reached skill level 1 in Hexes
   928 | D:2      | Reached skill level 1 in Summonings
   928 | D:2      | Reached skill level 1 in Necromancy
   928 | D:2      | Reached skill level 1 in Translocations
   928 | D:2      | Reached skill level 1 in Fire Magic
   928 | D:2      | Reached skill level 1 in Ice Magic
   928 | D:2      | Reached skill level 1 in Air Magic
   928 | D:2      | Reached skill level 1 in Earth Magic
   928 | D:2      | Reached skill level 1 in Alchemy
   947 | D:2      | Noticed Terence
   957 | D:2      | Killed Terence
   958 | D:2      | Reached XP level 5. HP: 25/43 MP: 5/7
  1056 | D:2      | Found a faded altar of an unknown god.
  1506 | D:3      | Found a white marble altar of Elyvilon.
  1524 | D:3      | Noticed Ijyb
  1535 | D:3      | Killed from afar by Ijyb

Illustrated notes

Levels and vault maps discovered:
D:1:      elethiomel_arrival_shortcut, layout_loops_ring,
          corexii_leaking_fountain, hangedman_decor_lopped
D:2:      layout_rooms, basic_ecumenical_altar, chequers_serial_rivers_small_b,
          minmay_divided_ellipse, uniq_terence, uniq_jessica, uniq_robin
D:3:      layout_loops_ring, elyvilon_altar_5, nicolae_dithmenos_the_darkroom,
          nicolae_ru_great_annihilating_truth, mainiacjoe_overflow_24_doors,
          ebering_ghost_disaster_area, uniq_grinder, uniq_ijyb

Skill      XL: |  1  2  3  4 |
---------------+-------------+-----
Invocations    | 1 |  1.8
Short Blades   | 1 |  1.6
Long Blades    | 1 |  1.6
Axes           | 1 |  1.6
Maces & Flails | 1 |  1.6
Polearms       | 1 |  1.6
Staves         | 1 |  1.6
Throwing       | 1 |  1.6
Armour         | 1 |  1.6
Shields        | 1 |  1.6
Unarmed Combat | 1 |  1.6
Spellcasting   | 1 |  1.6
Evocations     | 1 |  1.6
Shapeshifting  | 1 |  1.4
Conjurations   | 1 |  1.3
Hexes          | 1 |  1.3
Summonings     | 1 |  1.3
Necromancy     | 1 |  1.3
Translocations | 1 |  1.3
Fire Magic     | 1 |  1.3
Ice Magic      | 1 |  1.3
Air Magic      | 1 |  1.3
Earth Magic    | 1 |  1.3
Alchemy        | 1 |  1.3
Fighting       | |  4.8
Ranged Weapons | |  8.7
Dodging        | |  4.8
Stealth        | |  2.8

Action                     |  1- 3 |  4- 6 || total
---------------------------+-------+-------++-------
   Fire: Shortbow          |    92 |   120 ||   212
 Armour: Leather armour    |    38 |    32 ||    70
  Dodge: Dodged            |    31 |    39 ||    70

Table legend: (Time is in decaauts)
 A = Elapsed time spent in this place.
 B = Non-inter-level travel time spent in this place.
 C = Inter-level travel time spent in this place.
 D = Time resting spent in this place.
 E = Time spent auto-exploring this place.
 F = Levels seen in this place.
 G = Mean time per level.
                   A        B        C        D        E       F      G
               +--------+--------+--------+--------+--------+-----+--------+
         Total |   1540 |   1505 |     35 |      0 |   1177 |   3 |  513.3 |
       Dungeon |   1540 |   1505 |     35 |      0 |   1177 |   3 |  513.3 |
               +--------+--------+--------+--------+--------+-----+--------+

Top non-repeatable levels by time:
     D:2: 800 daAuts
     D:1: 634 daAuts
     D:3: 105 daAuts
